 Dungeon Crawl Stone Soup version 0.29-a0-23-ga79f92ac9c (webtiles) character file.

Game seed: 13599743817790832856

22 HallandMoats the Skirmisher (level 2, -8/19 HPs)
             Began as a Gargoyle Fighter on Jan 31, 2022.
             Mangled by an iguana (11 damage)
             ... on level 2 of the Dungeon.
             The game lasted 00:00:59 (1052 turns).

HallandMoats the Skirmisher (Gargoyle Fighter)      Turns: 1052, Time: 00:00:59

Health: -8/19      AC:  9    Str: 19    XL:     2   Next: 91%
Magic:  2/2        EV:  9    Int:  8    God:
Gold:   37         SH:  4    Dex:  9    Spells: 1/1 levels left

rFire   . . .      SeeInvis .   a - +0 war axe
rCold   . . .      Faith    .   c - +0 buckler
rNeg    + . .      Spirit   .   b - +0 scale mail
rPois   ∞          Reflect  .   (no helmet)
rElec   +          Harm     .   (no cloak)
rCorr   .          Rampage  .   (no gloves)
Will    .....                   (no boots)
Stlth   ..........              (no amulet)
HPRegen 0.06/turn               (no ring)
MPRegen 0.08/turn               (no ring)

@: no status effects
A: sickness immunity, AC +2, negative energy resistance 1, electricity
resistance, torment resistance 1, petrification resistance
a: no special abilities


You were on level 2 of the Dungeon.
You visited 1 branch of the dungeon, and saw 2 of its levels.

You collected 37 gold pieces.

Inventory:

Hand Weapons
 a - a +0 war axe (weapon)
Armour
 b - a +0 scale mail (worn)
 c - a +0 buckler (worn)
Scrolls
 e - a scroll of identify {unknown}
 f - 3 scrolls of summoning {unknown}
 g - a scroll of vulnerability {unknown}
 i - a scroll of blinking {unknown}
Potions
 d - a potion of might
 h - a potion of haste {unknown}


   Skills:
 * Level 3.5 Fighting
 * Level 2.0 Axes
 + Level 3.4 Armour
 + Level 0.4 Dodging
 + Level 3.4 Shields
 * Level 1.0 Invocations


You had one spell level left.
You didn't know any spells.
Your spell library was empty.

Dungeon Overview and Level Annotations

Branches:
Dungeon (2/15)

Altars:


Innate Abilities, Weirdness & Mutations

You are immune to sickness and miasma.
Your stone body is resilient. (AC +2)
You are immune to poison.
You resist negative energy. (rN+)
You are resistant to electric shocks. (rElec)
You are resistant to unholy torment.
You are immune to petrification.


Message History

A bat is nearby!
A bat is nearby!
A bat is nearby!
You slash the bat!
You kill the bat!
No target in view!
You see here a bat corpse.
Found a spear.
An iguana comes into view.
The iguana hisses angrily.
An iguana is nearby!
An iguana is nearby!
An iguana is nearby!
Found a hunting sling.
The iguana barely misses you.
You slash the iguana!
The iguana is severely wounded.
The iguana bites you. The iguana bites you!
Ouch! That really hurt!
* * * LOW HITPOINT WARNING * * *
You are too injured to fight recklessly!
You are too injured to fight recklessly!
You are too injured to fight recklessly!
You are too injured to fight recklessly!
You are too injured to fight recklessly!
You are too injured to fight recklessly!
You are too injured to fight recklessly!
You are too injured to fight recklessly!
You are too injured to fight recklessly!
You are too injured to fight recklessly!
You are too injured to fight recklessly!
You are too injured to fight recklessly!
You are too injured to fight recklessly!
You are too injured to fight recklessly!
You are too injured to fight recklessly!
You are too injured to fight recklessly!
You barely miss the iguana.
The iguana is severely wounded.
The iguana bites you!
Ouch! That really hurt!
You die...

### .. #### .#
...######.#
#.#...)..######
#.>............
#......@l#
#.......#......
#####...##### )....
.........# ....
#####....####......
.......†......<...
#.#..####.#########
#.. #.# . #.#####.#


You could see an iguana.

Vanquished Creatures
  A worm (D:2)
  5 ball pythons
  A giant cockroach (D:2)
  4 goblins
  5 bats
  A frilled lizard (D:1)
  A rat (D:2)
18 creatures vanquished.

Notes
Turn   | Place    | Note
-------+----------+-------------------------------------------
     0 | D:1      | HallandMoats the Gargoyle Fighter began the quest for the
                  | Orb.
     0 | D:1      | Reached XP level 1. HP: 14/14 MP: 1/1
   295 | D:1      | Reached XP level 2. HP: 19/19 MP: 2/2
  1010 | D:2      | Reached skill level 1 in Invocations
  1052 | D:2      | Mangled by an iguana

Illustrated notes

Levels and vault maps discovered:
D:1:      wheals_arrival_linesprint, layout_rooms, dk_noncrumbling_3,
          minmay_misc_feat_iff
D:2:      layout_basic, basic_altar, minmay_tetromino_s2

Skill      XL: |  1  2 |
---------------+-------+-----
Axes           | 2 |  2.0
Invocations    | 1 |  1.0
Fighting       | |  3.5
Armour         | |  3.4
Dodging        | |  0.4
Shields        | |  3.4

Action                   || total
-------------------------++-------
Melee: War axe           ||    51
Armor: Scale mail        ||    26
Dodge: Dodged            ||    28
Block: Buckler           ||     6

Table legend: (Time is in decaauts)
 A = Elapsed time spent in this place.
 B = Non-inter-level travel time spent in this place.
 C = Inter-level travel time spent in this place.
 D = Time resting spent in this place.
 E = Time spent auto-exploring this place.
 F = Levels seen in this place.
 G = Mean time per level.
                   A        B        C        D        E       F      G
               +--------+--------+--------+--------+--------+-----+--------+
         Total |   1074 |   1017 |     57 |    204 |    669 |   2 |  537.0 |
       Dungeon |   1074 |   1017 |     57 |    204 |    669 |   2 |  537.0 |
               +--------+--------+--------+--------+--------+-----+--------+

Top non-repeatable levels by time:
     D:1: 743 daAuts
     D:2: 330 daAuts
